Map: Aura da Morte LE

Players

DakkoN

  • Race: Zerg Zerg
  • League: Master
  • Spawn Location: 5:00

AlisoN - Winner!

  • Race: Protoss Protoss
  • League: Grandmaster
  • Spawn Location: 11:00

VOD

Have the link to the VOD?

Description

Time

  • Played on: July 25, 2020, 9:20 p.m.
  • Length: 4:58
Show
View Real Time Build Order
Export as new Build Order

DakkoN Zerg 

Build Orders: Hatch First 

Get SALT Encoding   

  12  0:00  Drone  
  13  0:12  Overlord  
  13  0:16  Drone  
  14  0:31  Drone x2  
  16  0:47  Hatchery  
  15  0:52  Drone  
  15  0:54  Drone  
  17  0:58  Drone  
  18  1:09  Extractor  
  17  1:14  Spawning Pool  
  17  1:17  Drone  
  17  1:20  Drone  
  18  1:27  Drone  
  19  1:38  Drone  
  20  1:48  Overlord  
  20  2:01  Queen x2  
  20  2:02  Zergling x2  
  20  2:03  Drone  
  26  2:10  Metabolic Boost, Drone x2  
  28  2:20  Drone  
  29  2:25  Drone  
  30  2:34  Hatchery  
  30  2:36  Drone  
  30  2:37  Drone  
  30  2:43  Overlord  
  31  2:44  Drone  
  32  2:57  Overlord  
  32  3:01  Queen  
  32  3:04  Drone  
  32  3:05  Drone  
  36  3:17  Drone x2  
  36  3:19  Drone x5  
  43  3:23  Drone  
  44  3:29  Evolution Chamber  
  44  3:30  Drone  
  44  3:45  Overlord  
  44  3:48  Lair  
  44  3:50  Drone x2  
  44  3:51  Extractor  
  44  3:52  Drone x2, Extractor  
  44  3:53  Drone x3  
  49  3:58  Drone  
  49  4:01  Overlord, Extractor  
  49  4:07  Drone x3  
  52  4:12  Roach Warren  
  51  4:20  Drone x4  
  55  4:39  Overlord x2  
Show
View Real Time Build Order
Export as new Build Order

AlisoN Protoss - Winner!

Build Orders: 1 Gate Expand 

Get SALT Encoding   

  12  0:00  Probe  
  13  0:12  Probe  
  14  0:20  Pylon  
  14  0:24  Probe  
  15  0:34  Probe  
  15  0:40  Gateway  
  15  0:42  Probe  
  16  0:48  Assimilator  
  17  0:52  Probe  
  18  1:05  Probe  
  19  1:17  Probe  
  20  1:25  Nexus  
  20  1:37  Cybernetics Core  
  20  1:39  Probe  
  21  1:49  Pylon  
  21  1:51  Probe  
  22  2:03  Probe  
  22  2:04  Warp Gate, Stalker  
  25  2:17  Probe  
  26  2:29  Probe  
  27  2:33  Probe, Adept  
  29  2:41  Probe  
  31  2:44  Probe  
  31  2:47  Robotics Facility  
  32  2:56  Probe  
  33  3:01  Gateway  
  33  3:02  Gateway  
  33  3:05  Gateway  
  33  3:13  Gateway  
  33  3:16  Probe x2  
  35  3:23  Warp Prism  
  35  3:25  Pylon  
  35  3:29  Probe  
  35  3:33  Probe  
  39  3:37  Pylon  
  39  3:53  Stalker  
  41  3:57  Stalker x2  
  41  4:01  Pylon, Stalker  
  47  4:07  Zealot  
  49  4:23  Stalker, Zealot  
  49  4:24  Zealot x2  
  55  4:28  Zealot  
  59  4:47  Zealot x4  
  59  4:48  Zealot  
Tags
 
Add a new tag
Caveats
  • Supply blocks, unpowered buildings, or Contaminate may cause inaccurate times.
  • Supply counts are checked every 10 seconds.